| TOP OF THE 1ST |
|
Seattle Mariners batting - Pitching for Cleveland Guardians : RHP Paul Lewis
|
|
Pitching: RHP Paul Lewis
|
|
|
Batting: LHB Dae-ik Yoon
|
0-0: Swinging Strike 0-1: Ball 1-1: Fly out, F4 (Popup, 13S, EV 88.8 MPH)
|
|
Batting: RHB Jose Vasquez
|
0-0: Ball 1-0: Ball 2-0: Foul Ball, location: 2F 2-1: Ball 3-1: Fly out, F8 (Flyball, 8LS, EV 96.2 MPH)
|
|
Batting: SHB Floyd-William Goof
|
0-0: Ball 1-0: Called Strike 1-1: Foul Ball, location: 2F 1-2: Ball 2-2: Strikes out swinging
|
| Top of the 1st over - 0 runs, 0 hits, 0 errors, 0 left on base; Seattle 0 - Cleveland 0 |
| BOTTOM OF THE 1ST |
|
Cleveland Guardians batting - Pitching for Seattle Mariners : LHP Antonio Diaz
|
|
Pitching: LHP Antonio Diaz
|
|
|
Batting: RHB Rick O'Reilly
|
0-0: Ball 1-0: Foul Ball, location: 2F 1-1: Ball 2-1: Ball 3-1: DOUBLE (Line Drive, 78XD, EV 103.1 MPH)
|
|
Batting: LHB Arvin Dungca
|
0-0: Ground out U3 (Groundball, 3, EV 101.9 MPH) Rick O'Reilly to third
|
|
Batting: RHB Jasper Burd
|
0-0: Called Strike 0-1: Foul Ball, location: 2F 0-2: Strikes out looking
|
|
Batting: RHB Christian Blue
|
0-0: Foul Ball, location: 2F 0-1: Ground out 4-3 (Groundball, 4, EV 77.5 MPH)
|
| Bottom of the 1st over - 0 runs, 1 hit, 0 errors, 1 left on base; Seattle 0 - Cleveland 0 |
| TOP OF THE 2ND |
|
Seattle Mariners batting - Pitching for Cleveland Guardians : RHP Paul Lewis
|
|
Batting: RHB Steve Jordan
|
0-0: Ball 1-0: Swinging Strike 1-1: Ball 2-1: Foul Ball, location: 2F 2-2: Foul Ball, location: 2F 2-2: Ball 3-2: Strikes out swinging
|
|
Batting: SHB Robbie Rogers
|
0-0: Fly out, F8 (Flyball, 8RM, EV 81.9 MPH)
|
|
Batting: RHB Pavpv Ivanushkin
|
0-0: Ball 1-0: Called Strike 1-1: Swinging Strike 1-2: Foul Ball, location: 2F 1-2: Hit by Pitch
|
|
Batting: RHB Harutomi Matsubara
|
0-0: Called Strike 0-1: Ball 1-1: Swinging Strike 1-2: Foul Ball, location: 2F 1-2: Ball 2-2: Foul Ball, location: 2F 2-2: Foul Ball, location: 2F 2-2: Strikes out swinging
|
| Top of the 2nd over - 0 runs, 0 hits, 0 errors, 1 left on base; Seattle 0 - Cleveland 0 |
| BOTTOM OF THE 2ND |
|
Cleveland Guardians batting - Pitching for Seattle Mariners : LHP Antonio Diaz
|
|
Batting: RHB Nick Sharp
|
0-0: Called Strike 0-1: Called Strike 0-2: Strikes out swinging
|
|
Batting: SHB Pete Barutha
|
0-0: Ball 1-0: Called Strike 1-1: Called Strike 1-2: Ball 2-2: Foul Ball, location: 2F 2-2: Ball 3-2: Strikes out swinging
|
|
Batting: RHB Aaron Matthews
|
0-0: Foul Ball, location: 2F 0-1: Swinging Strike 0-2: Fly out, F3 (Popup, 3SF, EV 85.0 MPH)
|
| Bottom of the 2nd over - 0 runs, 0 hits, 0 errors, 0 left on base; Seattle 0 - Cleveland 0 |
| TOP OF THE 3RD |
|
Seattle Mariners batting - Pitching for Cleveland Guardians : RHP Paul Lewis
|
|
Batting: RHB Jimmy Hammertime
|
0-0: Ball 1-0: Foul Ball, location: 2F 1-1: Foul Ball, location: 2F 1-2: Foul Ball, location: 2F 1-2: Strikes out swinging
|
|
Batting: RHB Young-kwang Ohnn
|
0-0: Fly out, F9 (Line Drive, 89M, EV 109.4 MPH)
|
|
Batting: LHB Dae-ik Yoon
|
0-0: Ball 1-0: Ball 2-0: Ball 3-0: Base on Balls
|
|
Batting: RHB Jose Vasquez
|
0-0: Called Strike 0-1: Ball 1-1: Swinging Strike 1-2: Foul Ball, location: 2F 1-2: Fly out, F8 (Flyball, 8RD, EV 105.0 MPH)
|
| Top of the 3rd over - 0 runs, 0 hits, 0 errors, 1 left on base; Seattle 0 - Cleveland 0 |
| BOTTOM OF THE 3RD |
|
Cleveland Guardians batting - Pitching for Seattle Mariners : LHP Antonio Diaz
|
|
Batting: LHB John Harring
|
0-0: Fly out, F8 (Flyball, 8LM, EV 88.1 MPH)
|
|
Batting: LHB Hector Pedroso
|
0-0: Ball 1-0: Swinging Strike 1-1: Foul Ball, location: 2F 1-2: Ball 2-2: TRIPLE (Line Drive, 5D, EV 98.1 MPH)
|
|
Batting: RHB Rick O'Reilly
|
0-0: Ball 1-0: Fly out, F7 (Flyball, 7S, EV 91.9 MPH)
|
|
Batting: LHB Arvin Dungca
|
0-0: Ball 1-0: Ground out 4-3 (Groundball, 4, EV 81.2 MPH)
|
| Bottom of the 3rd over - 0 runs, 1 hit, 0 errors, 1 left on base; Seattle 0 - Cleveland 0 |
| TOP OF THE 4TH |
|
Seattle Mariners batting - Pitching for Cleveland Guardians : RHP Paul Lewis
|
|
Batting: SHB Floyd-William Goof
|
0-0: Ball 1-0: Foul Ball, location: 2F 1-1: DOUBLE (Line Drive, 9LD, EV 108.1 MPH)
|
|
Batting: RHB Steve Jordan
|
0-0: Foul Ball, location: 2F 0-1: Called Strike 0-2: Foul Ball, location: 2F 0-2: Fly out, F1 (Popup, P, EV 78.8 MPH)
|
|
Batting: SHB Robbie Rogers
|
0-0: Fly out, F5 (Line Drive, 5L, EV 77.5 MPH)
|
|
Batting: RHB Pavpv Ivanushkin
|
0-0: Called Strike 0-1: Ground out 6-3 (Groundball, 6M, EV 85.6 MPH)
|
| Top of the 4th over - 0 runs, 1 hit, 0 errors, 1 left on base; Seattle 0 - Cleveland 0 |
| BOTTOM OF THE 4TH |
|
Cleveland Guardians batting - Pitching for Seattle Mariners : LHP Antonio Diaz
|
|
Batting: RHB Jasper Burd
|
0-0: Called Strike 0-1: Ball 1-1: Fly out, F4 (Flyball, 34D, EV 90.6 MPH)
|
|
Batting: RHB Christian Blue
|
0-0: Ball 1-0: Swinging Strike 1-1: Swinging Strike 1-2: Ball 2-2: Strikes out swinging
|
|
Batting: RHB Nick Sharp
|
0-0: Called Strike 0-1: SINGLE (Line Drive, 6D, EV 103.1 MPH)
|
|
Batting: SHB Pete Barutha
|
0-0: Ball 1-0: Ball 2-0: Called Strike 2-1: Foul Ball, location: 2F 2-2: Ball 3-2: Foul Ball, location: 2F 3-2: Fly out, F8 (Flyball, 8RXD, EV 83.1 MPH)
|
| Bottom of the 4th over - 0 runs, 1 hit, 0 errors, 1 left on base; Seattle 0 - Cleveland 0 |
| TOP OF THE 5TH |
|
Seattle Mariners batting - Pitching for Cleveland Guardians : RHP Paul Lewis
|
|
Batting: RHB Harutomi Matsubara
|
0-0: Ball 1-0: Foul Ball, location: 2F 1-1: Swinging Strike 1-2: Foul Ball, location: 2F 1-2: Ball 2-2: Foul Ball, location: 2F 2-2: Ball 3-2: Strikes out looking
|
|
Batting: RHB Jimmy Hammertime
|
0-0: Foul Ball, location: 2F 0-1: Called Strike 0-2: Ball 1-2: Strikes out swinging
|
|
Batting: RHB Young-kwang Ohnn
|
0-0: Foul Ball, location: 2F 0-1: Ball 1-1: Fly out, F9 (Flyball, 9, EV 79.4 MPH)
|
| Top of the 5th over - 0 runs, 0 hits, 0 errors, 0 left on base; Seattle 0 - Cleveland 0 |
| BOTTOM OF THE 5TH |
|
Cleveland Guardians batting - Pitching for Seattle Mariners : LHP Antonio Diaz
|
|
Batting: RHB Aaron Matthews
|
0-0: DOUBLE (Flyball, 8LXD, EV 115.0 MPH)
|
|
Batting: LHB John Harring
|
0-0: Ball Wild Pitch! Aaron Matthews to third 1-0: Called Strike 1-1: Foul Ball, location: 2F 1-2: Hit by Pitch
|
|
Batting: LHB Hector Pedroso
|
0-0: Foul Ball, location: 2F 0-1: Ball 1-1: Ball 2-1: Called Strike 2-2: Foul Ball, location: 2F 2-2: Foul Ball, location: 2F 2-2: Strikes out swinging
|
|
Batting: RHB Rick O'Reilly
|
Pickoff Throw to First - Out! 1-3 0-0: Called Strike 0-1: Swinging Strike Balk! Aaron Matthews scores 0-2: Ball 1-2: Fly out, F5 (Popup, 5F, EV 81.9 MPH)
|
| Bottom of the 5th over - 1 run, 1 hit, 0 errors, 0 left on base; Seattle 0 - Cleveland 1 |
| TOP OF THE 6TH |
|
Seattle Mariners batting - Pitching for Cleveland Guardians : RHP Paul Lewis
|
|
Batting: LHB Dae-ik Yoon
|
0-0: Foul Ball, location: 2F 0-1: Called Strike 0-2: Foul Ball, location: 2F 0-2: Ground out U3 (Groundball, 3, EV 85.0 MPH)
|
|
Batting: RHB Jose Vasquez
|
0-0: Foul Ball, location: 2F 0-1: SINGLE (Line Drive, 8RS, EV 85.0 MPH)
|
|
Batting: SHB Floyd-William Goof
|
0-0: Foul Ball, location: 2F 0-1: Foul Ball, location: 2F 0-2: Foul Ball, location: 2F 0-2: Strikes out looking
|
|
Batting: RHB Steve Jordan
|
0-0: Swinging Strike 0-1: Ball 1-1: Ball 2-1: Fly out, F7 (Flyball, 78S, EV 75.6 MPH)
|
| Top of the 6th over - 0 runs, 1 hit, 0 errors, 1 left on base; Seattle 0 - Cleveland 1 |
| BOTTOM OF THE 6TH |
|
Cleveland Guardians batting - Pitching for Seattle Mariners : LHP Antonio Diaz
|
|
Batting: LHB Arvin Dungca
|
0-0: Foul Ball, location: 2F 0-1: Foul Ball, location: 2F 0-2: Strikes out swinging
|
|
Batting: RHB Jasper Burd
|
0-0: Foul Ball, location: 2F 0-1: Foul Ball, location: 2F 0-2: Ball 1-2: Ball 2-2: Foul Ball, location: 2F 2-2: Ball 3-2: Base on Balls
|
|
Pitching: LHP Lance Crumpton
|
|
|
Batting: RHB Christian Blue
|
0-0: Foul Ball, location: 2F 0-1: Ball 1-1: Ball 2-1: Grounds into double play, 5-4-3 (Groundball, 56, EV 103.8 MPH)
|
| Bottom of the 6th over - 0 runs, 0 hits, 0 errors, 0 left on base; Seattle 0 - Cleveland 1 |
| TOP OF THE 7TH |
|
Seattle Mariners batting - Pitching for Cleveland Guardians : RHP Paul Lewis
|
|
Now at 2B: Danny Eberhart
|
|
|
Batting: SHB Robbie Rogers
|
0-0: Ball 1-0: Ball 2-0: Fly out, F9 (Line Drive, 9, EV 97.5 MPH)
|
|
Batting: RHB Pavpv Ivanushkin
|
0-0: Ball 1-0: Foul Ball, location: 2F 1-1: Ball 2-1: Called Strike 2-2: Ground out 6-3 (Groundball, 6MD, EV 99.4 MPH)
|
|
Batting: RHB Harutomi Matsubara
|
0-0: Ball 1-0: Ball 2-0: Called Strike 2-1: Swinging Strike 2-2: Fly out, F9 (Flyball, 9LS, EV 86.9 MPH)
|
| Top of the 7th over - 0 runs, 0 hits, 0 errors, 0 left on base; Seattle 0 - Cleveland 1 |
| BOTTOM OF THE 7TH |
|
Cleveland Guardians batting - Pitching for Seattle Mariners : LHP Lance Crumpton
|
|
Pitching: RHP William de Jesus
|
|
|
Batting: RHB Nick Sharp
|
0-0: Called Strike 0-1: DOUBLE (Flyball, 8LXD, EV 98.1 MPH)
|
|
Batting: SHB Pete Barutha
|
0-0: Ground out 5-3 (Groundball, 56S, EV 79.4 MPH)
|
|
Batting: RHB Aaron Matthews
|
0-0: Called Strike 0-1: Called Strike 0-2: Ball 1-2: Ball 2-2: Foul Ball, location: 2F 2-2: Ground out 5-3 (Groundball, 5L, EV 80.0 MPH)
|
|
Batting: LHB John Harring
|
0-0: Ball 1-0: Ball 2-0: Called Strike 2-1: Ball 3-1: Base on Balls
|
|
Batting: LHB Hector Pedroso
|
0-0: Called Strike 0-1: Ball 1-1: Called Strike 1-2: Ball 2-2: Strikes out swinging
|
| Bottom of the 7th over - 0 runs, 1 hit, 0 errors, 2 left on base; Seattle 0 - Cleveland 1 |
| TOP OF THE 8TH |
|
Seattle Mariners batting - Pitching for Cleveland Guardians : RHP Paul Lewis
|
|
Batting: RHB Jimmy Hammertime
|
0-0: Ball 1-0: Ball 2-0: Ball 3-0: Base on Balls
|
|
Batting: RHB Young-kwang Ohnn
|
0-0: 2-RUN HOME RUN (Line Drive, 78XD, EV 111.9 MPH), Distance : 406 ft
|
|
Batting: LHB Dae-ik Yoon
|
0-0: DOUBLE (Line Drive, 7LM, EV 110.0 MPH)
|
|
Pitching: RHP Drew Rickelman
|
|
|
Batting: RHB Jose Vasquez
|
0-0: Ball 1-0: Ball 2-0: Ground out 6-3 (Groundball, 6, EV 100.6 MPH)
|
|
Batting: SHB Floyd-William Goof
|
0-0: Intentional Walk
|
|
Batting: RHB Steve Jordan
|
0-0: Ball 1-0: Called Strike 1-1: Called Strike 1-2: Ball 2-2: Foul Ball, location: 2F 2-2: Foul Ball, location: 2F 2-2: Strikes out swinging
|
|
Batting: SHB Robbie Rogers
|
0-0: Swinging Strike 0-1: Foul Ball, location: 2F 0-2: Fly out, F9 (Line Drive, 89M, EV 104.4 MPH)
|
| Top of the 8th over - 2 runs, 2 hits, 0 errors, 2 left on base; Seattle 2 - Cleveland 1 |
| BOTTOM OF THE 8TH |
|
Cleveland Guardians batting - Pitching for Seattle Mariners : RHP William de Jesus
|
|
Pitching: LHP David Anaya
|
|
|
Batting: RHB Rick O'Reilly
|
0-0: Called Strike 0-1: Foul Ball, location: 2F 0-2: Ball 1-2: Ball 2-2: Ball 3-2: Foul Ball, location: 2F 3-2: Base on Balls
|
|
Pinch Hitting: RHB Nick Ogle
|
0-0: Ball 1-0: Ball 2-0: Ball 3-0: Base on Balls Rick O'Reilly to second
|
|
Pitching: RHP Kyle Ridgeway
|
|
|
Batting: RHB Danny Eberhart
|
0-0: Called Strike 0-1: Foul Ball, location: 2F 0-2: Ball 1-2: Strikes out swinging
|
|
Batting: RHB Christian Blue
|
0-0: Called Strike 0-1: Fly out, F8 (Flyball, 8RD, EV 98.8 MPH) Runner from 2nd tags up, SAFE at 3rd with throw by CF
|
|
Batting: RHB Nick Sharp
|
0-0: Swinging Strike 0-1: Ball 1-1: Foul Ball, location: 2F 1-2: Ball 2-2: Ground out 4-3 (Groundball, 4, EV 100.6 MPH)
|
| Bottom of the 8th over - 0 runs, 0 hits, 0 errors, 2 left on base; Seattle 2 - Cleveland 1 |
| TOP OF THE 9TH |
|
Seattle Mariners batting - Pitching for Cleveland Guardians : RHP Drew Rickelman
|
|
Now at 1B: Nick Ogle
|
|
|
Batting: RHB Pavpv Ivanushkin
|
0-0: Fly out, F9 (Flyball, 9, EV 82.5 MPH)
|
|
Batting: RHB Harutomi Matsubara
|
0-0: Foul Ball, location: 2F 0-1: Foul Ball, location: 2F 0-2: Strikes out swinging
|
|
Batting: RHB Jimmy Hammertime
|
0-0: Ball 1-0: Foul Ball, location: 2F 1-1: Ball 2-1: SOLO HOME RUN (Flyball, 7D, EV 98.1 MPH), Distance : 372 ft
|
|
Batting: RHB Young-kwang Ohnn
|
0-0: Ball 1-0: Ball 2-0: Called Strike 2-1: Fly out, F7 (Flyball, 7, EV 91.9 MPH)
|
| Top of the 9th over - 1 run, 1 hit, 0 errors, 0 left on base; Seattle 3 - Cleveland 1 |
| BOTTOM OF THE 9TH |
|
Cleveland Guardians batting - Pitching for Seattle Mariners : RHP Kyle Ridgeway
|
|
Pitching: RHP Omar Colunga
|
|
|
Now at 2B: Malik Brookshire
|
|
|
Now at 3B: Corey Ottinger
|
|
|
Batting: SHB Pete Barutha
|
0-0: Called Strike 0-1: Ground out 6-3 (Groundball, 6M, EV 83.1 MPH)
|
|
Pinch Hitting: LHB Brent Albertson
|
0-0: Called Strike 0-1: Swinging Strike 0-2: Ball 1-2: Foul Ball, location: 2F 1-2: Ball 2-2: Foul Ball, location: 2F 2-2: Ball 3-2: Ground out 5-3 (Groundball, 56S, EV 67.5 MPH)
|
|
Batting: LHB John Harring
|
0-0: Ball 1-0: Foul Ball, location: 2F 1-1: Ball 2-1: Ball 3-1: Foul Ball, location: 2F 3-2: Fly out, F8 (Line Drive, 8RD, EV 95.6 MPH)
|
| Bottom of the 9th over - 0 runs, 0 hits, 0 errors, 0 left on base; Seattle 3 - Cleveland 1 |
|